 Dungeon Crawl Stone Soup version 0.31.0-11-ge490571c62 (webtiles) character file.

Game seed: 17627784283698716976

124 qw the Skirmisher (level 4, 0/25 HPs)
             Began as a Deep Elf Hunter on Feb 3, 2024.
             Succumbed to an adder's poison
             ... on level 3 of the Dungeon.
             The game lasted 00:00:27 (1791 turns).

qw the Skirmisher (Deep Elf Hunter)                 Turns: 1791, Time: 00:00:28

Health: 0/25       AC:  7    Str: 10    XL:     4   Next: 81%
Magic:  6/6        EV:  9    Int: 14    God:
Gold:   106        SH:  0    Dex: 18    Spells: 3/3 levels left

rFire   . . .        a - +0 shortbow
rCold   . . .        (shield currently unavailable)
rNeg    . . .        j - +0 scale mail
rPois   .            g - +0 helmet
rElec   .            (no cloak)
rCorr   .            (no gloves)
SInv    .            (no boots)
Will    .....        (no amulet)
Stlth   +            (no ring)
HPRegen 0.24/turn    (no ring)
MPRegen 0.10/turn

%: no passive effects
@: lethally poisoned (0 -> -2)
A: no striking features
a: no special abilities


You were on level 3 of the Dungeon.
You visited 1 branch of the dungeon, and saw 3 of its levels.

You collected 106 gold pieces.


   Skills:
 - Level 1.5 Fighting
 + Level 8.2 Ranged Weapons
 - Level 2.4 Dodging
 - Level 1.2 Stealth


You had 3 spell levels left.
You didn't know any spells.
Your spell library was empty.

Inventory:

Hand Weapons
 a - a +0 shortbow (weapon)
Armour
 g - a +0 helmet (worn)
 j - a +0 scale mail (worn)
Wands
 h - a wand of flame (17)
Potions
 b - a potion of ambrosia {unknown}
 d - 2 potions of enlightenment
 e - a potion of curing {unknown}
 f - a potion of brilliance {unknown}
 i - a potion of haste {unknown}

Dungeon Overview and Level Annotations

Branches:
Dungeon (3/15)

Altars:


Message History

You see here a frilled lizard corpse.
You see here a frilled lizard corpse.
You open the door.
There is an open door here.
An adder comes into view.
The adder hisses angrily.
You shoot an arrow. The arrow barely misses the adder.
The adder bites you.
You are poisoned.
The adder poisons you!
You shoot an arrow. The arrow closely misses the adder.
You feel sick. The adder bites you.
You are more poisoned.
The adder poisons you! The adder bites you but does no damage.
You shoot an arrow. The arrow misses the adder.
You feel very sick. The adder bites you.
You are more poisoned.
The adder poisons you! The adder closely misses you.
You shoot an arrow. The arrow hits the adder!
The adder is severely wounded.
You feel very sick. The adder completely misses you.
You shoot an arrow. The arrow misses the adder.
You feel very sick.
The adder bites you but does no damage. x2
You shoot an arrow. The arrow completely misses the adder.
You feel sick. The adder bites you. The adder barely misses you.
1789 ||| READING scroll of teleportation.
As you read the scroll of teleportation, it crumbles to dust.
You feel strangely unstable.
You feel sick. The adder bites you.
You shoot an arrow. The arrow hits the adder.
You kill the adder!
You feel sick.
There is a lethal amount of poison in your body!
Your surroundings suddenly seem different.
A quokka and a bat come into view.
Found a scroll of identify.
You die...

##+###.######+
.............
...r........ ...........
.......... .........
.##+###.....#
.......@..# ..........#
.............
.?.............
#...b...........
#...............
#............... #
##.##+#######+#+######.#
#.............#+#....#.#
.


You could see a quokka (asleep) and a bat (wandering).

Vanquished Creatures
  7 adders
  A dart slug (D:1)
  2 ribbon worms (D:3)
  8 ball pythons
  2 endoplasms
  3 giant cockroaches (D:2)
  3 goblins (D:2)
  8 hobgoblins
  4 jackals (D:1)
  A quokka (D:2)
  4 bats
  4 frilled lizards
  5 kobolds
  3 rats
55 creatures vanquished.

Notes
Turn   | Place    | Note
-------+----------+-------------------------------------------
     0 | D:1      | qw the Deep Elf Hunter began the quest for the Orb.
     0 | D:1      | Reached XP level 1. HP: 12/12 MP: 3/3
     0 | D:1      | 0 ||| qw: Version: 0.3-a-155-g5e7d8dd
     0 | D:1      | 0 ||| qw: Game counter: 3447
     0 | D:1      | 0 ||| qw: Melee chars always use a shield: true
     0 | D:1      | 0 ||| qw: God list: Okawaru
     0 | D:1      | 0 ||| qw: Allow faded altars: false
     0 | D:1      | 0 ||| qw: Do Orc after clearing Dungeon:15 true
     0 | D:1      | 0 ||| qw: Do second Lair branch before Depths: true
     0 | D:1      | 0 ||| qw: Lair rune preference: random
     0 | D:1      | 0 ||| qw: Goals: Normal
     0 | D:1      | 0 ||| PLANNING D:1-11
    47 | D:1      | Reached XP level 2. HP: 16/16 MP: 4/4
    69 | D:1      | Reached skill level 6 in Ranged Weapons
   277 | D:1      | You fall into a shaft and drop 1 floor!
   303 | D:2      | Reached XP level 3. HP: 15/20 MP: 5/5
   377 | D:2      | Reached skill level 7 in Ranged Weapons
   516 | D:2      | 516 ||| UPGRADING to +0 helmet.
   521 | D:2      | 521 ||| UPGRADING to +0 scale mail.
   531 | D:2      | 531 ||| DROPPING +0 leather armour.
   532 | D:2      | 532 ||| READING scroll labelled NOIZXOUNKOPN.
   633 | D:2      | 633 ||| READING scroll labelled FIYHOM PANLAUJ.
   634 | D:2      | 634 ||| READING scroll labelled IRIRRUN SUINONK.
   635 | D:2      | 635 ||| READING scroll labelled AJENAI TIVU.
   635 | D:2      | 635 ||| IDENTIFYING 2 smoky ruby potions
   636 | D:2      | 636 ||| READING scroll labelled TANGEU WEAN.
   639 | D:2      | 639 ||| READING scroll labelled MEVAUD WAIZOG.
   640 | D:2      | 640 ||| DROPPING scroll of butterflies.
   753 | D:1      | Reached XP level 4. HP: 25/25 MP: 6/6
  1117 | D:1      | 1117 ||| READING scroll of identify.
  1117 | D:1      | 1117 ||| IDENTIFYING bubbling grey potion
  1118 | D:1      | 1118 ||| READING scroll labelled HUMUTE JYDI.
  1219 | D:1      | 1219 ||| DROPPING potion of magic.
  1552 | D:3      | 1552 ||| STAIRDANCE
  1663 | D:3      | Reached skill level 8 in Ranged Weapons
  1788 | D:3      | HP: 6/25 [adder (2)]
  1789 | D:3      | 1789 ||| READING scroll of teleportation.
  1790 | D:3      | HP: 1/25 [poisoned by an adder]
  1791 | D:3      | Succumbed to an adder's poison

Levels and vault maps discovered:
D:1:      dpeg_arrival_lava_temple_mockup, layout_loops_ring,
          minmay_three_crescents
D:2:      layout_rooms
D:3:      layout_basic, gammafunk_ghost_necromancy, grunt_ministairs_9,
          minmay_misc_feat_hallway

Skill      XL: |  1  2  3  4 |
---------------+-------------+-----
Ranged Weapons | 6 7 8 |  8.2
Fighting       | |  1.5
Dodging        | |  2.4
Stealth        | |  1.2

Action                     |  1- 3 |  4- 6 || total
---------------------------+-------+-------++-------
   Fire: Shortbow          |    94 |    74 ||   168
    Use: Scroll            |     6 |     3 ||     9
 Armour: Leather armour    |    12 |       ||    12
         Scale mail        |     3 |    37 ||    40
  Dodge: Dodged            |    22 |    21 ||    43

Table legend:
 A = Non-vault XP
 B = Vault XP
 C = Vault XP percentage of total XP
 D = Non-vault monster count
 E = Vault monster count
 F = Vault count percentage of total count
                 A         B        C        D         E       F
            +---------+---------+-------+---------+---------+-------
      Total |     153 |      25 |  14.0 |      47 |       8 |  14.5
            +---------+---------+-------+---------+---------+-------
        D:1 |      41 |       8 |  16.3 |      23 |       6 |  20.7
        D:2 |      81 |      13 |  13.8 |      20 |       1 |   4.8
        D:3 |      31 |       4 |  11.4 |       4 |       1 |  20.0
            +---------+---------+-------+---------+---------+-------
